Map: New Gettysburg LE

Players

Spit - Winner!

  • Race: Zerg Zerg
  • League: Grandmaster
  • Spawn Location: 7:00

Epic

  • Race: Terran Terran
  • League: Grandmaster
  • Spawn Location: 5:00

VOD

Have the link to the VOD?

Description

Time

  • Played on: Nov. 6, 2016, 4:07 p.m.
  • Length: 30:35
Show
View Real Time Build Order
Export as new Build Order

Spit Zerg - Winner!

Build Orders: Hatch First 

Get SALT Encoding   

  12  0:01  Drone  
  13  0:13  Overlord  
  13  0:17  Drone  
  14  0:31  Drone x2  
  17  0:35  Drone  
  17  0:53  Hatchery  
  17  0:56  Drone  
  17  1:01  Drone  
  18  1:15  Spawning Pool  
  18  1:17  Drone  
  18  1:19  Extractor  
  18  1:22  Drone  
  18  1:29  Drone  
  19  1:42  Overlord  
  19  2:02  Zergling x4  
  19  2:05  Queen  
  19  2:06  Zergling x2  
  24  2:12  Drone  
  25  2:25  Metabolic Boost  
  25  2:27  Drone x2  
  27  2:30  Drone  
  27  2:36  Drone  
  29  2:40  Drone  
  29  2:44  Drone  
  29  2:45  Queen  
  32  2:51  Hatchery  
  32  2:55  Drone  
  32  2:56  Drone  
  33  3:00  Overlord  
  33  3:09  Drone  
  34  3:14  Drone  
  35  3:20  Drone x3, Evolution Chamber  
  35  3:26  Drone  
  38  3:27  Drone  
  38  3:28  Queen  
  38  3:30  Overlord  
  41  3:37  Drone  
  41  3:41  Drone  
  43  3:49  Extractor  
  43  3:51  Drone x3  
  43  3:52  Drone  
  43  3:54  Roach Warren  
  45  3:57  Drone x3  
  45  3:59  Overlord  
  48  4:04  Zerg Ground Armor Level 1  
  48  4:08  Drone x2  
  50  4:14  Drone x3  
  53  4:19  Drone x2  
  53  4:20  Drone  
  56  4:26  Overlord  
  56  4:35  Roach x4  
  64  4:39  Overlord  
  64  4:44  Queen  
  64  4:45  Roach x2  
  70  4:48  Roach  
  72  4:54  Overlord  
  72  4:59  Roach x2  
  76  5:00  Zergling x6  
  76  5:01  Queen  
  81  5:10  Spore Crawler  
  80  5:15  Drone  
  80  5:16  Drone x8  
  87  5:21  Lair  
  87  5:24  Drone x2, Extractor  
  88  5:33  Drone, Extractor  
  88  5:34  Drone x2  
  90  5:35  Extractor  
  90  5:36  Overlord x2  
  89  5:45  Spore Crawler  
  85  5:50  Overlord  
  85  5:51  Drone x4  
  85  5:55  Overlord  
  89  5:59  Drone, Overlord  
  89  6:00  Drone x2, Extractor  
  89  6:01  Drone  
  92  6:06  Drone  
  93  6:18  Overlord  
  93  6:20  Roach x6  
  93  6:21  Glial Reconstitution, Zerg Ground Armor Level 2  
  93  6:24  Hatchery  
  104  6:26  Roach x2  
  104  6:29  Ravager  
  104  6:30  Ravager, Zergling x2  
  104  6:31  Queen x2  
  115  6:36  Roach  
  115  6:37  Roach  
  117  6:41  Roach  
  117  6:42  Roach x2  
  117  6:46  Roach x2  
  127  6:47  Ravager  
  127  6:48  Ravager  
  127  6:51  Roach  
  127  7:01  Roach x3  
  127  7:08  Roach x2  
  116  7:12  Roach  
  116  7:13  Roach x3  
  116  7:14  Ravager  
  120  7:15  Ravager  
  120  7:18  Ravager  
  120  7:20  Drone  
  120  7:21  Drone x2  
  124  7:25  Queen x3  
  130  7:33  Drone  
  130  7:35  Infestation Pit  
  130  7:41  Roach x5  
  130  7:43  Ravager  
  141  7:50  Evolution Chamber  
  140  7:53  Roach x2  
  140  7:54  Roach  
  144  8:09  Overlord  
  144  8:10  Overlord x2  
  144  8:11  Pathogen Glands  
  144  8:15  Queen  
  144  8:19  Roach  
  144  8:30  Zerg Missile Weapons Level 1  
  142  8:37  Ravager  
  142  8:38  Ravager  
  142  8:39  Overlord x4  
  142  8:41  Queen x2  
  144  8:44  Zerg Melee Weapons Level 1, Infestor x3  
  144  8:46  Infestor  
  156  8:50  Queen  
  156  8:51  Overlord  
  158  8:56  Roach x5  
  168  9:03  Spine Crawler  
  168  9:09  Roach x3  
  185  9:10  Roach x6  
  185  9:11  Extractor  
  185  9:14  Extractor  
  185  9:15  Spore Crawler, Ravager  
  182  9:24  Ravager x2  
  183  9:31  Drone  
  183  9:32  Drone x2  
  183  9:33  Drone x2  
  188  9:48  Roach x6  
  200  9:57  Overlord  
  200  10:00  Overlord  
  200  10:01  Hive  
  200  10:04  Spire  
  199  10:28  Drone x5  
  200  10:42  Zerg Melee Weapons Level 2  
  200  10:44  Hatchery  
  195  11:09  Infestor x2  
  197  11:21  Greater Spire  
  197  11:24  Infestor  
  195  11:28  Roach x2  
  195  11:29  Ultralisk Cavern  
  198  11:44  Infestor  
  198  11:45  Roach x2  
  186  11:57  Ravager x5  
  186  11:58  Ravager  
  176  12:16  Corruptor x7  
  187  12:27  Ultralisk x2  
  187  12:28  Chitinous Plating  
  199  12:43  Zerg Flyer Armor Level 1  
  199  12:45  Zerg Ground Armor Level 3  
  193  12:52  Hatchery  
  192  13:01  Extractor x2  
  192  13:02  Spore Crawler  
  192  13:05  Drone x5, Spore Crawler x3  
  191  13:06  Spore Crawler x3  
  191  13:08  Ultralisk x2  
  200  13:14  Zerg Melee Weapons Level 3  
  194  13:27  Ultralisk x3  
  185  13:34  Brood Lord  
  185  13:35  Drone  
  186  13:48  Brood Lord x2  
  190  14:13  Ultralisk  
  194  14:28  Spore Crawler  
  192  14:33  Corruptor x2, Brood Lord x2  
  200  14:50  Drone  
  198  14:59  Infestor x2, Hatchery  
  191  15:00  Infestor  
  179  15:20  Ultralisk x5  
  183  15:28  Zerg Flyer Armor Level 2  
  173  15:35  Ultralisk  
  172  15:37  Roach x2  
  174  15:50  Zergling x8  
  174  15:51  Zergling x8  
  182  16:01  Ultralisk  
  182  16:02  Ultralisk  
  192  16:04  Drone x3  
  192  16:07  Drone  
  193  16:20  Extractor  
  193  16:25  Extractor  
  191  16:34  Corruptor  
  193  17:01  Corruptor x3  
  193  17:05  Zerg Missile Weapons Level 2  
  199  17:09  Drone  
  200  17:25  Pneumatized Carapace  
  200  17:28  Adrenal Glands  
  189  17:48  Ultralisk x2  
  170  18:00  Brood Lord  
  170  18:03  Brood Lord x2  
  170  18:04  Brood Lord  
  178  18:08  Drone x3  
  181  18:27  Infestor  
  183  18:34  Ultralisk  
  183  18:35  Ultralisk  
  189  18:57  Infestor x3  
  193  19:03  Hatchery  
  192  19:25  Corruptor x4  
  200  19:37  Corruptor x2  
  200  19:38  Corruptor x3  
  182  19:47  Corruptor  
  172  19:56  Queen x2  
  176  20:00  Corruptor  
  142  20:08  Roach x6  
  143  20:19  Roach x3  
  143  20:20  Roach  
  151  20:35  Roach x4  
  149  20:36  Roach x2  
  149  20:59  Drone x3  
  130  21:18  Ultralisk x2  
  114  21:30  Roach  
  114  21:31  Roach x5  
  114  21:32  Drone x3  
  117  21:46  Roach  
  123  21:47  Roach x6  
  109  21:57  Infestor  
  109  22:00  Queen x2  
  113  22:06  Drone  
  113  22:07  Drone x5  
  119  22:08  Queen x3  
  119  22:12  Drone x2  
  119  22:14  Ravager x3  
  130  22:24  Zergling x2  
  130  22:25  Zergling x6  
  134  22:30  Ultralisk  
  134  22:37  Drone x2  
  142  22:44  Ultralisk  
  148  23:04  Corruptor x2  
  152  23:05  Overlord  
  152  23:06  Overlord  
  152  23:16  Ultralisk  
  158  23:25  Drone x2, Spore Crawler  
  158  23:26  Spine Crawler, Spore Crawler  
  157  23:32  Ultralisk  
  163  23:48  Corruptor  
  165  23:58  Drone x3, Extractor  
  165  24:00  Drone x3, Extractor  
  161  24:17  Corruptor x3  
  161  24:23  Ravager, Queen x5  
  178  24:35  Roach  
  178  24:36  Roach x10  
  194  24:41  Roach x4  
  187  24:53  Roach x7  
  193  25:12  Spire  
  189  25:17  Overlord  
  189  25:20  Ravager x4  
  193  25:30  Queen x3  
  199  25:38  Zergling x2  
  198  26:00  Zergling x4  
  165  26:41  Corruptor  
  165  26:42  Corruptor x8  
  165  26:43  Corruptor  
  165  26:46  Queen  
  181  26:49  Greater Spire  
  181  26:53  Corruptor x2  
  181  26:54  Corruptor  
  187  27:02  Zergling x12  
  187  27:03  Zergling x12  
  191  27:10  Roach x4  
  199  27:22  Overlord  
  199  27:41  Drone x2, Spore Crawler x2  
  199  27:42  Spore Crawler x2  
  199  27:43  Spore Crawler  
  199  27:44  Spore Crawler x2  
  194  27:56  Infestor x2  
  194  27:57  Infestor x2  
  177  28:27  Roach x13  
  177  28:28  Ultralisk Cavern  
  176  28:42  Infestor  
  176  28:43  Extractor  
  176  28:44  Extractor  
  154  28:49  Queen x5  
  154  28:50  Queen x2  
  154  28:52  Corruptor x2  
  154  29:00  Roach x4  
  158  29:11  Zergling x34  
  158  29:12  Zergling x6  
  178  29:23  Zergling x20  
  187  29:25  Queen x6  
  194  29:41  Roach x3  
  194  29:42  Roach x4  
  183  30:03  Corruptor x5  
Show
View Real Time Build Order
Export as new Build Order

Epic Terran 

Build Orders: Reaper Expand 

Get SALT Encoding   

  12  0:00  SCV  
  13  0:13  SCV  
  14  0:17  Supply Depot  
  14  0:25  SCV  
  15  0:39  SCV  
  15  0:40  Barracks  
  16  0:44  Refinery  
  16  0:51  SCV  
  17  1:03  SCV  
  18  1:15  SCV  
  19  1:27  Reaper  
  19  1:28  Orbital Command  
  20  1:43  Command Center  
  20  1:53  Barracks  
  20  1:56  SCV  
  20  2:01  Barracks Reactor  
  21  2:05  Supply Depot  
  21  2:10  SCV  
  21  2:14  Refinery  
  22  2:22  SCV  
  23  2:28  Factory  
  23  2:34  SCV  
  24  2:38  Marine x2  
  24  2:42  Barracks Tech Lab  
  26  2:46  SCV  
  27  2:55  Orbital Command  
  28  2:58  SCV  
  28  3:01  Stimpack  
  28  3:06  Marine x2  
  28  3:07  Marine  
  28  3:12  SCV  
  32  3:20  Starport  
  32  3:24  Factory Reactor, SCV  
  32  3:26  SCV  
  34  3:28  Marine  
  34  3:30  Marine  
  34  3:32  Marine  
  37  3:36  Supply Depot  
  37  3:42  SCV x2  
  37  3:45  Supply Depot  
  39  3:50  Marine x2  
  39  3:51  Marine  
  39  3:54  SCV  
  43  3:56  SCV  
  43  4:05  Medivac x2  
  43  4:09  Marine, Engineering Bay  
  47  4:11  Marine  
  47  4:14  Marine  
  49  4:17  SCV  
  49  4:18  SCV  
  53  4:25  Factory Tech Lab  
  53  4:27  Marine, Supply Depot  
  53  4:29  Marine  
  53  4:32  Marine, SCV x2  
  53  4:34  Supply Depot  
  56  4:41  Terran Infantry Weapons Level 1  
  56  4:44  Refinery, SCV x2  
  58  4:47  Siege Tank  
  58  4:51  Marine  
  58  4:52  Marine x2  
  63  4:56  SCV  
  63  4:57  SCV  
  66  5:03  Combat Shield  
  66  5:10  SCV x2  
  66  5:13  Marine x3  
  69  5:18  Supply Depot  
  69  5:19  Siege Tank  
  72  5:22  SCV x2  
  74  5:31  Command Center  
  74  5:33  Marine x2  
  74  5:34  Marine  
  77  5:36  SCV  
  77  5:40  SCV  
  77  5:42  Refinery, Supply Depot  
  79  5:47  Medivac  
  79  5:48  Medivac  
  83  5:52  Marine x3  
  86  5:58  Supply Depot  
  86  6:04  SCV x2, Siege Tank  
  86  6:09  Barracks  
  91  6:12  Marine x3  
  94  6:19  Barracks  
  94  6:25  Barracks  
  94  6:26  Medivac x2  
  94  6:31  Marine x3  
  101  6:43  Orbital Command, Siege Tank  
  101  6:44  SCV x2  
  101  6:46  Terran Infantry Armor Level 1  
  105  6:56  Barracks Reactor  
  98  7:07  Marine  
  98  7:08  Marine x2  
  86  7:09  Barracks Reactor  
  86  7:15  Medivac x2  
  81  7:22  Siege Tank  
  84  7:24  Barracks Tech Lab  
  84  7:25  Marine  
  84  7:26  SCV x3  
  84  7:28  Supply Depot  
  84  7:29  Marine, Marauder  
  91  7:34  Marine x2  
  91  7:35  Concussive Shells  
  93  7:38  SCV x2  
  93  7:39  SCV  
  93  7:43  Marine, Marauder  
  99  7:46  Marine  
  99  7:50  SCV x2, Marauder  
  104  7:52  Marine x2  
  104  7:54  Marine x2  
  104  7:55  SCV  
  109  7:58  Medivac, Siege Tank  
  109  8:01  Marine  
  109  8:02  SCV, Supply Depot  
  109  8:03  SCV, Supply Depot  
  117  8:11  Medivac, Marine  
  117  8:12  Marine, Marauder x2  
  125  8:14  Marine  
  125  8:15  Marine x2  
  109  8:22  Marine  
  110  8:28  Armory  
  110  8:29  Marine x2  
  110  8:30  Engineering Bay  
  110  8:32  Marine x2  
  110  8:33  Marine, Marauder x2, Siege Tank  
  123  8:34  SCV x2  
  123  8:35  SCV  
  123  8:38  Refinery  
  123  8:40  Marine  
  126  8:43  Refinery  
  126  8:47  Marine x2  
  128  8:50  Marine x2  
  128  8:51  Marine  
  128  8:54  Marauder x2  
  135  8:57  Medivac x2  
  135  8:58  Marine  
  140  9:04  Barracks  
  140  9:06  Barracks  
  140  9:09  Barracks  
  140  9:13  Marine x3  
  140  9:14  Marine x2  
  140  9:16  Marauder x2  
  149  9:19  Terran Infantry Weapons Level 2  
  149  9:23  Terran Infantry Armor Level 2  
  149  9:26  Marine  
  149  9:31  Marine x3  
  150  9:33  Marine x2  
  150  9:34  Siege Tank  
  150  9:37  Marauder  
  145  9:48  Medivac  
  144  9:52  Medivac  
  144  9:53  Marine x4  
  144  9:54  Marine x3  
  144  9:58  Marine  
  150  10:00  Marine x3  
  150  10:06  Siege Tank  
  154  10:11  Marine x4  
  156  10:17  Marine x2  
  156  10:18  Marine x5  
  157  10:24  Medivac x2  
  159  10:32  Marine x4  
  163  10:42  Supply Depot  
  165  10:43  Barracks Tech Lab, Marauder, Supply Depot x2  
  165  10:46  Barracks Tech Lab, Liberator x2, Barracks Reactor  
  165  10:49  Marine  
  165  11:00  Starport  
  165  11:01  Starport  
  165  11:03  Marine x2  
  173  11:04  Marine x3, Siege Tank  
  173  11:05  Marauder  
  176  11:15  Marine, Marauder x3  
  182  11:21  Marine x2  
  182  11:22  Marine  
  184  11:28  Marine  
  184  11:29  Marine x2, Marauder  
  189  11:41  Marine  
  189  11:42  Liberator  
  189  11:44  Marine  
  189  11:45  Marine  
  189  11:46  Marine  
  189  11:51  Terran Infantry Weapons Level 3  
  189  11:52  Marauder  
  188  11:55  Liberator  
  188  11:59  Marauder  
  189  12:07  Command Center  
  189  12:13  Siege Tank  
  184  12:18  Medivac x2  
  184  12:20  Terran Infantry Armor Level 3  
  180  12:28  Marauder x2  
  180  12:29  Marauder x2  
  188  12:33  Marine  
  189  12:45  Marine  
  189  12:46  Marine  
  189  12:47  Medivac  
  189  12:48  Medivac x2  
  181  12:56  Marine, Marauder x3  
  181  12:57  Marine  
  189  13:02  Liberator x2  
  189  13:19  Marine x4  
  182  13:28  Marine x2  
  182  13:29  Medivac x2  
  188  13:37  Marine, Marauder x2  
  188  13:38  Marine  
  194  13:43  Liberator x2  
  200  14:27  Planetary Fortress  
  200  14:39  Command Center  
  198  15:03  Refinery  
  197  15:12  Liberator  
  197  15:13  Liberator x3  
  146  15:23  Marauder x3  
  146  15:27  Marine x7, Marauder  
  152  15:28  Marine  
  158  15:44  Marine x2, Marauder  
  158  15:45  Marine x2  
  158  15:47  Marine x6  
  170  15:50  Ghost Academy  
  170  15:55  Liberator x2  
  170  16:02  Liberator  
  170  16:07  Marine x5, Marauder x3  
  170  16:09  Marine  
  170  16:10  Marine x2  
  181  16:15  Marine  
  188  16:24  Marine  
  192  16:28  Planetary Fortress  
  192  16:32  Starport Tech Lab  
  192  16:33  Fusion Core  
  192  16:34  Ghost  
  192  16:37  Liberator  
  192  16:39  Ghost  
  196  16:41  Liberator  
  196  16:47  Ghost x2  
  193  16:58  Orbital Command  
  199  17:07  Refinery  
  199  17:08  Refinery  
  199  17:17  Refinery  
  199  17:22  Advanced Ballistics  
  199  17:23  Starport Reactor  
  199  17:28  SCV  
  200  17:37  Command Center  
  200  17:38  Liberator x3  
  157  17:56  Liberator x2  
  157  17:57  Marine x8, Marauder x4  
  175  18:05  SCV  
  176  18:06  Refinery  
  176  18:15  Marine x3  
  176  18:17  SCV  
  176  18:19  Ghost  
  186  18:25  Ghost  
  186  18:26  Liberator x2  
  186  18:27  Liberator  
  190  18:29  SCV  
  191  18:36  Marine x6  
  191  18:37  Marine  
  192  18:41  SCV  
  199  19:10  Orbital Command  
  199  19:27  Marine  
  200  19:36  Liberator x2  
  186  19:47  Ghost x2  
  186  19:48  Ghost x2  
  150  20:16  Ghost, Viking x2  
  150  20:18  Marine x8  
  150  20:19  Marine  
  129  20:35  Viking  
  129  20:36  Marine x4, Thor, Viking  
  129  20:37  Marauder  
  137  20:45  Marauder  
  135  20:50  Viking x2  
  135  20:53  Starport  
  135  20:54  Marine x3  
  135  20:55  Starport  
  135  20:56  Marine  
  142  20:58  Marauder  
  140  21:05  Viking  
  140  21:06  Viking  
  140  21:07  Marauder  
  128  21:17  Marine  
  128  21:18  Marine x5  
  124  21:20  Marauder  
  113  21:27  Marine  
  113  21:28  Viking  
  104  21:35  Marine x5  
  104  21:36  Medivac  
  104  21:37  Medivac  
  92  21:40  Medivac  
  82  21:58  Orbital Command  
  82  22:06  Marine, Marauder x2  
  82  22:07  Marine x2  
  89  22:10  Liberator  
  89  22:11  Marine  
  90  22:18  Liberator  
  90  22:23  Liberator  
  90  22:28  Liberator  
  102  23:00  Marine x2, Marauder x2  
  102  23:01  Marine x2  
  102  23:03  Marine  
  102  23:04  Marine  
  102  23:05  Liberator  
  196  23:12  Orbital Command  
  112  23:14  Medivac  
  112  23:18  Refinery  
  114  23:24  Liberator  
  120  23:43  Liberator  
  120  23:44  Marine x6  
  120  23:45  Marauder  
  120  23:46  Marauder  
  129  24:19  Marine x4, Marauder x2  
  131  24:36  Marine  
  131  24:37  Marine x3  
  119  24:40  Marine x2  
  91  24:54  Marine x4  
  91  24:57  Marine  
  95  25:00  Liberator, Marauder  
  89  25:07  Orbital Command  
  89  25:11  Liberator  
  89  25:12  Marine x2  
  81  25:16  Marauder  
  89  25:36  Liberator  
  89  25:39  Liberator, Marine, Marauder  
  89  25:42  Marine  
  93  25:46  Marine  
  99  26:11  Marine x2, Marauder x2  
  96  26:28  SCV x2  
  90  26:40  Liberator  
  90  26:42  Marine  
  90  26:43  Marine x4  
  95  26:49  Liberator  
  95  27:01  Liberator  
  101  27:09  Liberator  
  105  28:11  Marine x3  
  108  28:13  Liberator  
  106  28:23  Liberator  
  100  28:42  Marine  
  100  28:44  Marine  
  74  29:00  Marine  
  74  29:02  Barracks  
  75  29:03  Barracks  
  73  29:20  Marine x2  
  62  30:03  Marine x2  
Tags
 
Add a new tag
Caveats
  • Supply blocks, unpowered buildings, or Contaminate may cause inaccurate times.
  • Supply counts are checked every 10 seconds.